 Dungeon Crawl Stone Soup version 0.18.1-48-g4cf74bf (webtiles) character file.

963 tyranidshit the Fighter (level 7, -3/72 HPs)
             Began as a Demonspawn Abyssal Knight on Sept 11, 2016.
             Was an Elder of Lugonu.
             Slain by an ice beast (8 damage)
             ... on level 5 of the Dungeon.
             The game lasted 00:10:39 (3765 turns).

tyranidshit the Fighter (Demonspawn Abyssal Knight) Turns: 3765, Time: 00:10:41

Health: -3/72      AC:  7    Str: 15    XL:     7   Next: 92%
Magic:  8/8        EV:  8    Int: 17    God:    Lugonu [****..]
Gold:   264        SH:  3    Dex: 14    Spells: 0 memorised, 6 levels left

rFire  . . .     SeeInvis .     a - +1 hand axe
rCold  . . .     Gourm    .     p - +0 scale mail
rNeg   . . .     Faith    .     e - +0 buckler
rPois  .         Spirit   .     (helmet restricted)
rElec  +         Dismiss  .     (no cloak)
rCorr  .         Reflect  .     (no gloves)
SustAt .         Harm     .     c - +2 pair of boots
MR     .....     Rnd*Rage +     (no amulet)
Stlth  ..........               (no ring)
                                m - +4 ring of intelligence

@: very slightly contaminated, hasted, very quick, not resistant to hostile
enchantments, extremely unstealthy
A: horns 2, rugged brown scales 1, agile 1, berserk 1, deformed body, robust 1,
screaming 1, electricity resistance
a: Depart the Abyss, Bend Space, Banish, Corrupt, Renounce Religion


You were on level 5 of the Dungeon.
You worshipped Lugonu.
Lugonu was greatly pleased with you.
You were not hungry.

You visited 1 branch of the dungeon, and saw 5 of its levels.
You visited the Abyss 1 time.
You also visited: Sewer.

You collected 264 gold pieces.

Inventory:

Hand Weapons
 a - a +1 hand axe (weapon)
Armour
 b - a +0 leather armour
 c - a +2 pair of boots (worn)
 d - a +0 ring mail
 e - a +0 buckler (worn)
 p - a +0 scale mail (worn)
Jewellery
 m - a +4 ring of intelligence (left hand)
Scrolls
 f - a scroll of immolation
 g - 2 scrolls of fog
 i - a scroll of magic mapping
 k - a scroll of remove curse
 q - 5 scrolls of identify
 t - a scroll of teleportation
Potions
 j - a potion of haste
 o - 3 potions of might
 r - a potion of curing
Books
 n - a book of Dreams

   Spells                             Type                      Level
   a - Ensorcelled Hibernation        Hexes/Ice                    2
   b - Silence                        Hexes/Air                    5
   c - Darkness                       Hexes                        6
   d - Shadow Creatures               Summoning                    6
Comestibles
 h - a bread ration
 l - 3 chunks of flesh


   Skills:
 + Level 9.4 Fighting
 - Level 2.0 Axes
 - Level 2.0 Armour
 - Level 1.1 Dodging
 - Level 2.6 Invocations


You had 6 spell levels left.
You didn't know any spells.

Dungeon Overview and Level Annotations

Branches:
Dungeon (5/15)
 Temple: D:4-7

Altars:
Kikubaaqudgha
Ru
Yredelemnul

Shops:
D:4 %


Innate Abilities, Weirdness & Mutations

You have a pair of horns on your head.
You are partially covered in rugged brown scales (AC +1, +3% HP).
You are agile. (Dex +2)
You tend to lose your temper in combat.
Armour fits poorly on your strangely shaped body.
You are robust (+10% HP).
You occasionally shout uncontrollably at your foes.
You are resistant to electric shocks.


Message History

You hit the ice beast.
The ice beast is lightly wounded.
The ice beast hits you. The ice beast freezes you!
* * * LOW HITPOINT WARNING * * *
You hit the ice beast but do no damage.
The ice beast is lightly wounded.
The ice beast hits you but does no damage.
You hit the ice beast.
The ice beast is moderately wounded.
The ice beast hits you.
* * * LOW HITPOINT WARNING * * *
The ice beast freezes you.
* * * LOW HITPOINT WARNING * * *
You hit the ice beast.
You headbutt the ice beast, but do no damage.
The ice beast is heavily wounded.
The ice beast hits you.
* * * LOW HITPOINT WARNING * * *
The ice beast freezes you!
You die...

#.###.#...))[.....# #..
#####....##.####
######.#######.###.#....#
#..........Y...# #...#
#.####.#######.####'####
#. #.#.......# #.
#.#.♣♣.♣♣.# .Y
#Y#.♣.♣.♣.# .. #@+..♣♣♣..
..########.#.♣.♣.♣.#
...........#.♣♣.♣♣.#
#####...#.......#
#.######'#### #.##.# #.#
#.##.###.#
#######.#......#
#....(.....###.#


You could see an ice beast.

Vanquished Creatures
  Grinder (D:4)
  2 phantoms (D:4)
  A scorpion (D:5)
  A howler monkey (D:4)
  A crimson imp (D:5)
  2 orc priests
  A hound (D:5)
  An orc wizard (D:3)
  2 iguanas (D:5)
  3 worker ants
  A hound skeleton (D:4)
  9 adders
  2 river rats (Sewer)
  An ooze (D:2)
  An adder skeleton (D:4)
  4 dart slugs
  6 giant geckos
  12 orcs
  6 giant cockroaches
  6 goblins
  7 hobgoblins
  10 jackals
  7 kobolds
  A quokka (D:2)
  3 ball pythons (Sewer)
  A ball python skeleton (D:4)
  7 bats
  9 giant newts
  2 quokka skeletons (D:4)
  11 rats
121 creatures vanquished.

Vanquished Creatures (others)
  A phantom (D:4)
1 creature vanquished.

Grand Total: 122 creatures vanquished

Notes
Turn   | Place    | Note
--------------------------------------------------------------
     0 | Abyss:1  | tyranidshit the Demonspawn Abyssal Knight began the quest for the Orb.
     0 | Abyss:1  | Reached XP level 1. HP: 18/18 MP: 2/2
   109 | Abyss:1  | Noticed a sky beast
   138 | Abyss:1  | Noticed a quasit
   164 | Abyss:1  | Noticed a wraith
   173 | Abyss:1  | Noticed a small abomination
   200 | Abyss:1  | Noticed an octopode
   211 | Abyss:1  | Noticed a spatial vortex
   212 | Abyss:1  | Noticed a spatial vortex
   228 | D:1      | Escaped the Abyss
   254 | D:1      | Gained mutation: You have a pair of small horns on your head. [demonic ancestry]
   254 | D:1      | Reached XP level 2. HP: 24/24 MP: 3/3
   302 | D:1      | Reached * piety under Lugonu
   362 | D:1      | Reached skill level 1 in Dodging
   685 | D:1      | Reached XP level 3. HP: 19/30 MP: 4/4
  1145 | D:2      | Reached skill level 4 in Fighting
  1285 | D:2      | Found an ancient bone altar of Kikubaaqudgha.
  1305 | D:2      | Gained mutation: You have a pair of horns on your head. [demonic ancestry]
  1305 | D:2      | Reached XP level 4. HP: 25/38 MP: 5/5
  1356 | D:2      | Reached ** piety under Lugonu
  1708 | D:3      | Reached skill level 5 in Fighting
  1875 | D:3      | Found a glowing drain.
  1882 | D:3      | Reached *** piety under Lugonu
  1891 | Sewer    | Entered a sewer
  1916 | Sewer    | Reached XP level 5. HP: 37/44 MP: 6/6
  2443 | D:3      | Found a sacrificial altar of Ru.
  2576 | D:3      | Reached skill level 6 in Fighting
  2587 | D:3      | Gained mutation: You are robust (+10% HP). [potion of mutation]
  2587 | D:3      | Gained mutation: You are agile. (Dex +2) [potion of mutation]
  2587 | D:3      | Gained mutation: You tend to lose your temper in combat. [potion of mutation]
  2651 | D:4      | Found Kuejeqee's Food Emporium.
  2687 | D:4      | Gained mutation: You occasionally shout uncontrollably at your foes. [potion of mutation]
  2687 | D:4      | Gained mutation: Armour fits poorly on your strangely shaped body. [potion of mutation]
  2687 | D:4      | Gained mutation: You are resistant to electric shocks. [potion of mutation]
  2718 | D:4      | Noticed a phantom
  2788 | D:4      | Killed a phantom
  2788 | D:4      | Gained mutation: You are partially covered in rugged brown scales (AC +1, +3% HP). [demonic ancestry]
  2788 | D:4      | Reached XP level 6. HP: 50/59 MP: 7/7
  2871 | D:4      | Noticed a human
  2886 | D:4      | Reached skill level 7 in Fighting
  2887 | D:4      | Found a runed door.
  2891 | D:4      | Found a basalt altar of Yredelemnul.
  2915 | D:4      | HP: 3/62 [phantom (6)]
  3010 | D:4      | Noticed Grinder
  3026 | D:4      | Killed Grinder
  3026 | D:4      | Reached skill level 8 in Fighting
  3026 | D:4      | Reached XP level 7. HP: 6/71 MP: 8/8
  3547 | D:5      | Entered Level 5 of the Dungeon
  3560 | D:5      | Reached **** piety under Lugonu
  3613 | D:5      | Reached skill level 9 in Fighting
  3765 | D:5      | Slain by an ice beast

Skill      XL: |  1  2  3  4  5  6  7 |
---------------+----------------------+-----
Axes           | 2 |  2.0
Dodging        | 1 |  1.1
Armour         | 2 |  2.0
Fighting       | 4 5 6 8 9 |  9.4
Invocations    | |  2.6

Action                   |  1- 3 |  4- 6 |  7- 9 || total
-------------------------+-------+-------+-------++-------
Melee: Hand axe          |   114 |   304 |    76 ||   494
       Headbutt          |    10 |    33 |    16 ||    59
Invok: Depart the Abyss  |     1 |       |       ||     1
  Use: Potion            |     2 |    11 |     2 ||    15
       Scroll            |     1 |     7 |       ||     8
 Stab: Sleeping          |     1 |       |       ||     1
  Eat: Bread ration      |     1 |       |       ||     1
       Royal jelly       |       |     1 |       ||     1
       Beef jerky        |       |     1 |       ||     1
       Meat ration       |       |     1 |       ||     1
Armor: Skin              |    33 |       |       ||    33
       Leather armour    |    26 |       |       ||    26
       Ring mail         |       |    87 |       ||    87
       Scale mail        |       |    82 |    44 ||   126
Dodge: Dodged            |    43 |   175 |    45 ||   263
Block: Buckler           |     8 |    40 |    18 ||    66
